 Dungeon Crawl Stone Soup version 0.19-a0-1482-ga9fd55e (webtiles) character file.

86 TheGoonsmith the Conjurer (level 4, -2/45 HPs)
             Began as a Demonspawn Wizard on Sept 7, 2016.
             Slain by a hobgoblin (3 damage)
             ... led by Robin
             ... on level 3 of the Dungeon.
             The game lasted 00:04:08 (2723 turns).

TheGoonsmith the Conjurer (Demonspawn Wizard)       Turns: 2723, Time: 00:04:08

Health: -2/45      AC:  3    Str: 12    XL:     4   Next: 26%
Magic:  3/9        EV: 12    Int: 21    God:
Gold:   57         SH:  0    Dex: 11    Spells: 3 memorised, 3 levels left

rFire  . . .     SeeInvis .     o - +2 dagger (elec)
rCold  + . .     Gourm    .     a - +0 robe
rNeg   . . .     Faith    .     (no shield)
rPois  .         Spirit   .     x - +0 helmet
rElec  .         Dismiss  .     (no cloak)
rCorr  .         Reflect  .     (no gloves)
MR     .....     Harm     .     (no boots)
Stlth  ..........               (no amulet)
                                (no ring)
                                f - ring of protection from cold

@: berserking, very quick
A: hooves 2
a: no special abilities


You were on level 3 of the Dungeon.
You were not hungry.

You visited 1 branch of the dungeon, and saw 3 of its levels.

You collected 57 gold pieces.

Inventory:

Hand Weapons
 i - a +0 short sword
 o - a +2 dagger of electrocution (weapon)
Armour
 a - a +0 robe (worn)
 b - a +0 hat
 x - a +0 helmet (worn)
Jewellery
 f - a ring of protection from cold (left hand)
 j - an uncursed ring of fire {unknown}
Wands
 s - a wand of acid (6/15)
Scrolls
 e - 3 scrolls of remove curse {unknown}
 h - 2 scrolls of enchant armour {unknown}
 m - a scroll of fog {unknown}
 r - a scroll of fear {unknown}
 t - a scroll of noise {unknown}
 v - a scroll of teleportation {unknown}
Potions
 g - 2 potions of berserk rage
 l - a potion of lignification {unknown}
 n - a potion of curing {unknown}
 q - a potion of experience {unknown}
Books
 c - a book of Minor Magic

   Spells                             Type                      Level
   a - Magic Dart                     Conjuration                  1
   b - Blink                          Translocation                2
   c - Call Imp                       Summoning                    2
   d - Repel Missiles                 Charms/Air                   2
   e - Slow                           Hexes                        2
   f - Conjure Flame                  Conjuration/Fire             3
   g - Mephitic Cloud                 Conjuration/Poison/Air       3
Comestibles
 d - 3 bread rations
 k - 2 meat rations
 p - a slice of pizza
 u - 2 fruits
 w - a beef jerky


   Skills:
 - Level 1.7 Dodging
 - Level 1.7 Stealth
 + Level 3.5 Spellcasting
 * Level 3.6 Conjurations
   Level 1.0 Summonings
   Level 0.8 Translocations


You had 3 spell levels left.
You knew the following spells:

 Your Spells              Type           Power        Failure   Level  Hunger
a - Magic Dart            Conj           ###.         3%          1    None
c - Conjure Flame         Conj/Fire      ##......     21%         3    ###....
x - Mephitic Cloud        Conj/Pois/Air  #.......     24%         3    ###....


Dungeon Overview and Level Annotations

Branches:
Dungeon (3/15)

Altars:
Elyvilon
Nemelex Xobeh
Qazlal

Annotations:
D:3 TheGoonsmith's ghost, amateur DsWz


Innate Abilities, Weirdness & Mutations

You have hoof-like feet.


Message History

You kill the goblin!
The goblin hits you but does no damage. The hobgoblin hits you.
* * * LOW HITPOINT WARNING * * *
A giant newt comes into view.
It was a potion of berserk rage.
A red film seems to cover your vision as you go berserk!
You feel yourself moving faster!
You feel mighty! The goblin hits you with a dagger.
* * * LOW HITPOINT WARNING * * *
Robin roars a battlecry!
The goblins go into a battle-frenzy!
The hobgoblin misses you.
The hobgoblin hits you but does no damage.
You puncture Robin! Your kick misses Robin.
Robin is almost dead.
The goblin misses you. Robin throws the goblin at you!
You hit Robin.
You kill Robin!
The hobgoblin hits you.
You die...

#.###'#.#####.........#
###.# #.#................
..#.###.#####............
.<#........##............
.†.W###..).##.....######.
.......)...##..(..#
#..............)..#
#..............).g#
##.............g@g#
.............###g# ..
.#.....###...###K##... .
.....#...K...⌠l⌠#..
#.#####.._..# #.#
....⌠.⌠.$ #.# ....#######
#.######.........
#................


You could see 2 hobgoblins, 2 goblins, a kobold and a giant newt.

Vanquished Creatures
  Robin (D:3)
  An ooze (D:2)
  4 dart slugs (D:1)
  2 giant geckos (D:1)
  An orc (D:3)
  6 bats
  4 giant cockroaches
  16 goblins
  7 hobgoblins
  A giant newt (D:1)
  4 kobolds
  7 rats
54 creatures vanquished.

Notes
Turn   | Place    | Note
-------+----------+-------------------------------------------
     0 | D:1      | TheGoonsmith the Demonspawn Wizard began the quest for the Orb.
     0 | D:1      | Reached XP level 1. HP: 13/13 MP: 4/4
   214 | D:1      | Gained mutation: You have large cloven feet. [demonic ancestry]
   214 | D:1      | Reached XP level 2. HP: 19/19 MP: 3/6
   796 | D:1      | Reached XP level 3. HP: 24/24 MP: 1/7
   869 | D:1      | Learned a level 3 spell: Conjure Flame
   878 | D:1      | Learned a level 3 spell: Mephitic Cloud
  1542 | D:2      | Found a stormy altar of Qazlal.
  2484 | D:3      | Found a white marble altar of Elyvilon.
  2487 | D:3      | Noticed TheGoonsmith's ghost (amateur DsWz)
  2566 | D:3      | Found a sparkling altar of Nemelex Xobeh.
  2604 | D:3      | Gained mutation: You have hoof-like feet. [demonic ancestry]
  2604 | D:3      | Reached XP level 4. HP: 30/30 MP: 1/9
  2687 | D:3      | Noticed Robin
  2721 | D:3      | HP: 1/45 [goblin/dagger[Robin] (2)]
  2723 | D:3      | Killed Robin
  2723 | D:3      | Slain by a hobgoblin

Vault maps used:
D:1:      evilmike_arrival_plus, minmay_tromino_v4_b
D:2:      grunt_qazlal_sundering
D:3:      nemelex_xobeh_ov_fountains_minmay, nicolae_overflow_hidden_temple,
          first_bread, uniq_robin, uniq_terence

Skill      XL: |  1  2  3 |
---------------+----------+-----
Conjurations   | 2 3 |  3.6
Dodging        | |  1.7
Stealth        | |  1.7
Spellcasting   | |  3.5
Summonings     | |  1.0
Translocations | |  0.8

Action                   |  1- 3 |  4- 6 || total
-------------------------+-------+-------++-------
Melee: Short sword       |     9 |       ||     9
       Kick              |     2 |       ||     2
       Dagger            |       |     6 ||     6
 Cast: Magic Dart        |   113 |    11 ||   124
  Use: Potion            |       |     1 ||     1
  Eat: Chunk             |     4 |     1 ||     5
Armor: Robe              |     4 |     8 ||    12
Dodge: Dodged            |    19 |    11 ||    30
